 Dungeon Crawl Stone Soup version 0.30-a0-800-g7c544603b3 (webtiles) character file.

Game seed: 9565355026409298821

1970 Darius099 the Cleaver (level 9, 0/71 HPs)
             Began as a Minotaur Fighter on Feb 22, 2023.
             Slain by a water moccasin (5 damage)
             ... on level 7 of the Dungeon.
             The game lasted 00:13:27 (4660 turns).

Darius099 the Cleaver (Minotaur Fighter)            Turns: 4660, Time: 00:13:27

Health: 0/71       AC: 11    Str: 29    XL:     9   Next: 0%
Magic:  8/8        EV:  6    Int: 10    God:
Gold:   324        SH: 12    Dex: 13    Spells: 8/8 levels left

rFire   . . .      SeeInvis .    a - +0 war axe
rCold   . . .      Faith    .    i - +0 tower shield
rNeg    . . .      Spirit   .    q - +5 scale mail of the Shrike {Will- Str+3 Int+5 Dex+4}
rPois   .          Reflect  .    (helmet restricted)
rElec   .          Harm     .    (no cloak)
rCorr   .          Rampage  .    (no gloves)
Will    .....                    (no boots) Stlth
                                 v - amulet of regeneration
HPRegen 1.11/turn                (no ring)
MPRegen 0.11/turn                (no ring)

@: no status effects
A: horns 2, retaliatory headbutt
a: no special abilities


You were on level 7 of the Dungeon.
You visited 1 branch of the dungeon, and saw 8 of its levels.

You collected 324 gold pieces.

Inventory:

Hand Weapons
 a - a +0 war axe (weapon)
Missiles
 e - 50 stones (quivered)
 r - 2 throwing nets
Armour
 i - a +0 tower shield (worn)
 q - the +5 scale mail of the Shrike (worn) {Will- Str+3 Int+5 Dex+4}
   (You found it on level 2 of the Dungeon)

   Str:       It affects your strength (+3).
   Int:       It affects your intelligence (+5).
   Dex:       It affects your dexterity (+4).
   Will:      It decreases your willpower.
Jewellery
 v - an amulet of regeneration (around neck)
Wands
 x - a wand of flame (17)
 H - a wand of paralysis (9)
Scrolls
 f - a scroll of noise {unknown}
 j - 2 scrolls of magic mapping {unknown}
 k - 2 scrolls of enchant armour {unknown}
 m - a scroll of torment {unknown}
 o - a scroll of teleportation {unknown}
 p - a scroll of silence {unknown}
 t - 3 scrolls of immolation {unknown}
 u - 7 scrolls of identify {unknown}
 y - 2 scrolls of poison {unknown}
 D - a scroll of amnesia {unknown}
 E - a scroll of fear {unknown}
 F - a scroll of fog {unknown}
 G - a scroll of brand weapon {unknown}
 J - a scroll of enchant weapon {unknown}
Potions
 b - 2 potions of resistance {unknown}
 c - 4 potions of heal wounds {unknown}
 d - 2 potions of might
 g - 4 potions of mutation {unknown}
 h - 2 potions of curing {unknown}
 l - 3 potions of magic {unknown}
 n - 2 potions of berserk rage {unknown}
 s - a potion of invisibility {unknown}
 w - a potion of haste
 z - 2 potions of attraction {unknown}
 A - 2 potions of cancellation {unknown}
 B - 2 potions of ambrosia {unknown}
 C - a potion of lignification {unknown}
 I - a potion of flight {unknown}


   Skills:
 - Level 3.6 Fighting
 + Level 13.9 Axes
 - Level 3.6 Armour
 - Level 3.6 Shields


You had 8 spell levels left.
You didn't know any spells.
Your spell library contained the following spells:

 Spells                   Type           Power      Damage    Failure   Level
 Kiss of Death            Conj/Necr      0%         2d5       100%        1
 Shock                    Conj/Air       0%         1d3       100%        1
 Summon Small Mammal      Summ           0%         N/A       100%        1
 Call Canine Familiar     Summ           0%         N/A       100%        3
 Confusing Touch          Hex            0%         N/A       100%        3
 Ozocubu's Armour         Ice            0%         N/A       100%        3
 Summon Guardian Golem    Hex/Summ       0%         N/A       100%        3
 Swiftness                Air            0%         N/A       100%        3
 Airstrike                Air            0%         2d(0-16)  100%        4
 Dispel Undead            Necr           0%         3d6       100%        4
 Ozocubu's Refrigeration  Ice            0%         4d7       100%        7


Dungeon Overview and Level Annotations

Branches:
Dungeon (8/15)             Temple (0/1) D:6
   Lair: D:8-11

Altars:
Cheibriados
Dithmenos
Ru


Innate Abilities, Weirdness & Mutations

You have a pair of horns on your head.
You reflexively headbutt those who attack you in melee.


Message History

You hit the ice beast but do no damage.
The ice beast hits you but does no damage.
The ice beast hits you. The ice beast freezes you.
* * * LOW HITPOINT WARNING * * *
You block the ice beast's attack.
The ice beast hits you but does no damage.
You barely miss the ice beast.
You headbutt the ice beast, but do no damage.
The ice beast is severely wounded.
You slash the ice beast!
You kill the ice beast!
The ice beast hits you.
* * * LOW HITPOINT WARNING * * *
The ice beast freezes you!
* * * LOW HITPOINT WARNING * * *
The water moccasin barely misses you. You furiously retaliate!
You headbutt the water moccasin.
You have reached level 9!
Your experience leads to an increase in your attributes!
Your base attributes are Str 24, Int 5, Dex 9.
Increase (S)trength, (I)ntelligence, or (D)exterity?
You feel stronger. x2
Press: ? - help, v - describe, . - travel
Here: an ice beast (severely wounded)
The floor.
Unknown command.
Aiming: Throw Flame
Press: ? - help, Shift-Dir - straight line, f - ice beast
Aim: an ice beast (severely wounded, 68% to hit)
The puff of flame misses the ice beast.
The water moccasin bites you.
* * * LOW HITPOINT WARNING * * *
You block the ice beast's attack.
Aiming: Throw Flame
Press: ? - help, Shift-Dir - straight line, f/p - ice beast
Aim: an ice beast (severely wounded, 68% to hit)
The puff of flame hits the ice beast!
The ice beast melts!
The ice beast is almost dead.
You block the water moccasin's attack. You block the ice beast's attack.
The water moccasin bites you.
You die...

.................
.......(..........
...................
...........!........
.....................
.......[.............
............Y........
................@.......
................S.......
........................
...........<............
........................
...................$....
........................
........................
........(........(...


You could see a water moccasin and an ice beast.

Vanquished Creatures
  A gargoyle (D:6)
  3 black bears
  2 ice beasts
  A centaur (D:6)
  A kobold brigand (D:6)
  Blork the orc (D:5)
  2 scorpions
  4 killer bees (D:7)
  3 hounds (D:5)
  A gnoll bouda (D:5)
  2 orc priests
  2 iguanas
  6 orc wizards
  12 gnolls
  5 adders
  2 white imps
  2 ufetubi
  3 worms
  3 dart slugs
  22 orcs
  11 endoplasms
  4 giant cockroaches
  8 goblins
  6 hobgoblins
  6 jackals
  12 quokkas
  2 ball pythons (D:1)
  6 bats
  7 frilled lizards
  13 kobolds
  7 rats
160 creatures vanquished.

Vanquished Creatures (others)
  13 plants (D:4)
13 creatures vanquished.

Grand Total: 173 creatures vanquished

Notes
Turn   | Place    | Note
-------+----------+-------------------------------------------
     0 | D:1      | Darius099 the Minotaur Fighter began the quest for the Orb.
     0 | D:1      | Reached XP level 1. HP: 19/19 MP: 0/0
    98 | D:1      | Reached skill level 3 in Axes
    98 | D:1      | Reached XP level 2. HP: 5/27 MP: 1/1
   412 | D:1      | Reached skill level 4 in Axes
   627 | D:1      | Reached XP level 3. HP: 33/33 MP: 2/2
  1399 | D:2      | Reached skill level 5 in Axes
  1430 | D:2      | Identified the +5 scale mail of the Shrike {Will- Str+3
                  | Int+5 Dex+4}
  1477 | D:2      | Reached XP level 4. HP: 40/40 MP: 3/3
  1633 | D:3      | Reached skill level 6 in Axes
  1775 | D:3      | Reached XP level 5. HP: 46/46 MP: 4/4
  2080 | D:3      | Found a snail-covered altar of Cheibriados.
  2575 | D:3      | Reached skill level 7 in Axes
  2598 | D:4      | Reached XP level 6. HP: 52/52 MP: 5/5
  2641 | D:4      | Reached skill level 8 in Axes
  2990 | D:4      | Reached skill level 9 in Axes
  2993 | D:4      | Reached XP level 7. HP: 24/58 MP: 6/6
  3426 | D:5      | Entered Level 5 of the Dungeon
  3452 | D:5      | Reached skill level 10 in Axes
  3496 | D:5      | Found a shadowy altar of Dithmenos.
  3563 | D:5      | Noticed Blork the orc
  3575 | D:5      | Killed Blork the orc
  3742 | D:5      | Reached skill level 11 in Axes
  3911 | D:5      | Reached XP level 8. HP: 66/66 MP: 7/7
  4065 | D:6      | Found a staircase to the Ecumenical Temple.
  4093 | D:6      | Found a sacrificial altar of Ru.
  4339 | D:6      | Noticed a gargoyle
  4350 | D:6      | Killed a gargoyle
  4351 | D:6      | Reached skill level 12 in Axes
  4479 | D:6      | Reached skill level 13 in Axes
  4538 | D:6      | You fall into a shaft and drop 2 floors!
  4659 | D:7      | Reached XP level 9. HP: 6/71 MP: 8/8
  4660 | D:7      | Slain by a water moccasin

Illustrated notes

Levels and vault maps discovered:
D:1:      minmay_arrival_pointy, layout_loops_ring, minmay_pentomino_o2
D:2:      layout_loops_ring, minmay_diced_spiral
D:3:      layout_basic, cheibriados_altar_1
D:4:      minmay_angry_zag, layout_rooms, serial_bayou, serial_bayou_lake_a,
          serial_bayou_shore_a, serial_bayou_ford_a, serial_bayou_lagoon_a,
          kennysheep_generic_room_5
D:5:      layout_cave_pools, nicolae_dithmenos_through_a_glass_darkly,
          minivault_27, uniq_blork_the_orc
D:6:      layout_loops_corners, mainiacjoe_overflow_brackets,
          minmay_temple_entry_from_below_a
D:7:      layout_basic, nzn_wu_jian_contemplation, xom_confusion_cloud
D:8:      layout_rooms, kennysheep_mini, kennysheep_little_box,
          grunt_lair_entry_orc_guard_hut, uniq_maggie, uniq_gastronok

Skill      XL: |  1  2  3  4  5  6  7  8 |
---------------+-------------------------+-----
Axes           | 3 4 5 6 7 9 11 13 | 13.9
Fighting       | |  3.6
Armour         | |  3.6
Shields        | |  3.6

Action                     |  1- 3 |  4- 6 |  7- 9 || total
---------------------------+-------+-------+-------++-------
  Melee: War axe           |   103 |   174 |   125 ||   402
         Headbutt          |    13 |    20 |    22 ||    55
  Evoke: Wand              |       |       |     2 ||     2
 Armour: Scale mail        |    42 |   101 |    76 ||   219
  Dodge: Dodged            |    31 |    42 |    28 ||   101
  Block: Buckler           |    12 |       |       ||    12
         Tower shield      |    28 |   116 |   131 ||   275

Table legend: (Time is in decaauts)
 A = Elapsed time spent in this place.
 B = Non-inter-level travel time spent in this place.
 C = Inter-level travel time spent in this place.
 D = Time resting spent in this place.
 E = Time spent auto-exploring this place.
 F = Levels seen in this place.
 G = Mean time per level.
                   A        B        C        D        E       F      G
               +--------+--------+--------+--------+--------+-----+--------+
         Total |   4914 |   4806 |    108 |    188 |   3132 |   8 |  614.2 |
       Dungeon |   4914 |   4806 |    108 |    188 |   3132 |   8 |  614.2 |
               +--------+--------+--------+--------+--------+-----+--------+

Top non-repeatable levels by time:
     D:3: 1058 daAuts
     D:4: 968 daAuts
     D:1: 906 daAuts
     D:2: 713 daAuts
     D:5: 586 daAuts
     D:6: 553 daAuts
     D:7: 125 daAuts
     D:8: 2 daAuts
